 Dungeon Crawl Stone Soup version 0.30.0-5-g1a98f26d00 (webtiles) character file.

Game seed: 8967641075775933163

259 cheesebisquit the Shield-Bearer (level 5, 47/47 (48) HPs)
             Began as a Minotaur Fighter on May 7, 2023.
             Quit the game on level 3 of the Dungeon on May 8, 2023.
             The game lasted 00:06:42 (2856 turns).

cheesebisquit the Shield-Bearer (Minotaur Fighter)  Turns: 2856, Time: 00:06:43

HP:   47/47 (48)    AC:  8    Str: 22    XL:     5   Next: 95%
MP:   4/4           EV:  8    Int:  5    God:
Gold: 155           SH:  8    Dex: 10    Spells: 4/4 levels left

rFire   . . .        a - +0 war axe
rCold   . . .        l - +0 kite shield
rNeg    . . .        b - +0 scale mail
rPois   .            (helmet restricted)
rElec   .            (no cloak)
rCorr   .            (no gloves)
SInv    .            c - +0 pair of boots
Will    .....        (no amulet) Stlth
                     (no ring)
HPRegen 0.27/turn    (no ring)
MPRegen 0.09/turn

%: no passive effects
@: lightly drained
A: horns 2, retaliatory headbutt
a: no special abilities


You were on level 3 of the Dungeon.
You visited 1 branch of the dungeon, and saw 3 of its levels.
You also visited: Sewer.

You collected 155 gold pieces.

Inventory:

Hand Weapons
 a - a +0 war axe (weapon)
Armour
 b - a +0 scale mail (worn)
 c - a +0 pair of boots (worn)
 l - a +0 kite shield (worn)
Scrolls
 f - 2 scrolls of teleportation {unknown}
 g - 3 scrolls of magic mapping {unknown}
 m - 3 scrolls of identify {unknown}
 n - a scroll of silence {unknown}
 t - a scroll of blinking {unknown}
Potions
 d - 2 potions of might
 e - 2 potions of curing {unknown}
 h - 4 potions of heal wounds {unknown}
 i - a potion of haste {unknown}
 j - 2 potions of brilliance {unknown}
 k - 3 potions of mutation {unknown}
 o - a potion of degeneration {unknown}
 p - a potion of magic {unknown}
 q - a potion of attraction {unknown}
 r - 2 potions of flight {unknown}
 s - a potion of cancellation {unknown}


   Skills:
 + Level 5.1 Fighting
 + Level 4.2 Axes
 + Level 5.1 Armour
 + Level 5.1 Shields


You had 4 spell levels left.
You didn't know any spells.
Your spell library contained the following spells:

 Spells                   Type           Power      Damage    Failure   Level
 Portal Projectile        Hex/Tloc       0%         N/A       100%        3
 Tukima's Dance           Hex            0%         N/A       100%        3
 Blade Hands              Tmut           0%         N/A       100%        5


Dungeon Overview and Level Annotations

Branches:
Dungeon (3/15)              Sewer (visited)

Altars:


Innate Abilities, Weirdness & Mutations

You have a pair of horns on your head.
You reflexively headbutt those who attack you in melee.


Message History

The ghost-faced bat hits you but does no damage.
The ghost-faced bat closely misses you.
The ghost-faced bat completely misses you.
The ghost-faced bat hits you but does no damage.
You block the ghost-faced bat's attack.
You slash the ghost-faced bat!
You destroy the ghost-faced bat!
You slash the ghost-faced bat!
You destroy the ghost-faced bat!
You block the rotten bat's attack. The rotten bat closely misses you.
The rotten bat barely misses you.
An ice bat comes into view.
You block the rotten bat's attack.
The rotten bat hits you but does no damage. x2
The ice bat hits you but does no damage.
The rotten bat hits you but does no damage.
You block the ice bat's attack.
The rotten bat hits you but does no damage. x2
The ice bat hits you but does no damage.
The rotten bat barely misses you. You furiously retaliate!
You headbutt the rotten bat!
You destroy the rotten bat!
You block the ice bat's attack.
The ice bat hits you but does no damage.
You block the ice bat's attack.
You hit the ice bat.
The ice bat is severely damaged.
You block the ice bat's attack. x2; The ice bat hits you.
The ice bat freezes you.
You hit the ice bat.
The ice bat vaporises!
j - 2 green potions (gained 1)
You see here a phase bat corpse.
A vampire bat comes into view.
You see here a phase bat corpse.
A vampire bat is nearby!
Saving game... please wait.
Welcome back, cheesebisquit the Minotaur Fighter.
Press ? for a list of commands and other information.
Are you sure you want to abandon this character and quit the game? (Confirm with "yes".)

######### ###
#......#..#..# #......#
#.b..# #<.....# #....##
#......# #...# #......#
##@## #.....##### ##...##
####
#.....#...###..##†####..#
####...##....#####.#..###
#####.####..### ##....#
......# #†#†# #.....# ##
#.##.## #.##.# #....## #.
#.##.##### #.. #.#.## #.
#.......# #.. #####
#######.


You could see a vampire bat.

Vanquished Creatures
  An orc wizard (D:3)
  5 adders
  A gnoll (D:1)
  8 river rats (Sewer)
  3 worms (D:2)
  A dart slug (D:2)
  3 fire bats (D:3)
  An orc (D:3)
  2 spectral bats (D:3)
  10 bats
  3 bat skeletons (D:3)
  A bat zombie (D:3)
  4 endoplasms (D:1)
  5 giant cockroaches
  4 goblins
  2 hobgoblins
  4 jackals (D:1)
  A quokka (D:1)
  8 ball pythons
  A bat simulacrum (D:3)
  9 frilled lizards
  5 kobolds
  13 rats
95 creatures vanquished.

Notes
Turn   | Place    | Note
-------+----------+-------------------------------------------
     0 | D:1      | cheesebisquit the Minotaur Fighter began the quest for the
                  | Orb.
     0 | D:1      | Reached XP level 1. HP: 19/19 MP: 0/0
   166 | D:1      | Reached XP level 2. HP: 24/27 MP: 1/1
   279 | D:1      | Reached XP level 3. HP: 17/33 MP: 2/2
  1298 | D:2      | Reached XP level 4. HP: 40/41 MP: 3/3
  1989 | D:3      | Found a glowing drain.
  2004 | Sewer    | Entered a sewer
  2077 | Sewer    | Reached XP level 5. HP: 32/47 MP: 4/4
  2576 | D:3      | Reached skill level 5 in Fighting
  2576 | D:3      | Reached skill level 5 in Armour
  2576 | D:3      | Reached skill level 5 in Shields
  2856 | D:3      | Upgraded the game from 0.30.0-3-ga4e48a9924 to
                  | 0.30.0-5-g1a98f26d00
  2856 | D:3      | Quit the game

Illustrated notes

Levels and vault maps discovered:
D:1:      dpeg_arrival_solitude, layout_basic
D:2:      layout_basic
D:3:      layout_loops_cross, cheibrodos_sewer_entry_sluice, goddamned_bats

Skill      XL: |  1  2  3  4  5 |
---------------+----------------+-----
Fighting       | 4 5 |  5.1
Armour         | 4 5 |  5.1
Shields        | 4 5 |  5.1
Axes           | 3 4 |  4.2

Action                     |  1- 3 |  4- 6 || total
---------------------------+-------+-------++-------
  Melee: War axe           |    82 |   130 ||   212
         Headbutt          |     4 |    18 ||    22
 Armour: Scale mail        |    24 |    99 ||   123
  Dodge: Dodged            |    39 |    61 ||   100
  Block: Buckler           |    24 |     1 ||    25
         Kite shield       |       |    68 ||    68
